[Event "DFMM-LV 2023"]
[Site "Braunfels"]
[Date "2023.06.11"]
[Round "5.5"]
[White "Gheng, Simona"]
[Black "Hess, Olena"]
[Result "1/2-1/2"]
[Annotator "TA"]
[ECO "C41"]
[WhiteElo "1918"]
[BlackElo "2078"]
[PlyCount "28"]
[EventDate "2023.06.09"]
[EventType "team-tourn"]
[EventCountry "GER"]
[SourceTitle "playchess.com"]
[Source "ChessBase"]
[SourceQuality "1"]
[TimeControl "40/5400+30:1800+30"]

1. e4 d6 2. d4 Nf6 3. Nc3 e5 4. Nf3 Nbd7 5. Bc4 Be7 6. O-O O-O 7. h3 c6 8. dxe5 (8. a4 $5) 8... dxe5 {[%emt 0:02:33] C41: Philidor Defence.} 9. Qe2 b5 10. Bb3 Bb7 {[%emt 0:01:10] [#]} (10... Qc7 $15) 11. a3 $146 {[%emt 0:02:38] The position is equal.} (11. Rd1 $5 ) ({Predecessor:} 11. Be3 a6 12. Rad1 Qc7 13. Bg5 h6 14. Bh4 Rfe8 15. a3 Rac8 16. Rd2 Rcd8 17. Rfd1 {1-0 Wendl,P (1519)-Szarka,T (1363) Steyr Landesliga 1819 2018 (6.8)}) 11... Qc7 12. Re1 Nc5 13. Bg5 a5 14. Qe3 Nh5 {[%emt 0:27:08] An uneventful encounter.   Weighted Error Value: White=0.14 (very precise) /Black=0.20 (precise)} 1/2-1/2

[Event "DFMM-LV 2023"]
[Site "Braunfels"]
[Date "2023.06.11"]
[Round "5.6"]
[White "Trunz, Michelle"]
[Black "Heil, Marina"]
[Result "1/2-1/2"]
[Annotator "TA"]
[ECO "A96"]
[WhiteElo "2010"]
[BlackElo "1866"]
[PlyCount "100"]
[EventDate "2023.06.09"]
[EventType "team-tourn"]
[EventCountry "GER"]
[SourceTitle "playchess.com"]
[Source "ChessBase"]
[SourceQuality "1"]
[TimeControl "40/5400+30:1800+30"]

1. d4 f5 2. c4 Nf6 3. Nf3 e6 4. g3 Be7 5. Bg2 O-O 6. O-O d6 7. Nc3 Ne4 8. Qc2 Nxc3 9. Qxc3 Bf6 10. b3 {[%emt 0:01:41] A96: Classical Dutch: Fluid Systems: Early deviations.} Nc6 11. e3 Qe8 12. Bb2 {[%emt 0:00:34] White has an edge.} e5 {[%emt 0:03:54] [#]} 13. Rfe1 $146 ({Predecessor:} 13. Rad1 Qh5 14. dxe5 dxe5 15. c5 f4 16. Qc4+ Kh8 17. exf4 exf4 18. Bxf6 Rxf6 19. b4 {1-0 Freitag,M (2356)-Fajdetic,H (2151) Titled Tuesday intern op 03rd Nov blitz 2020 (3)}) 13... Qh5 14. Rad1 e4 15. Nd2 a5 16. a3 {[%emt 0:00:58] Wards off Nb4} Be6 17. Nb1 Nd8 18. Qc2 Nf7 (18... a4 $11) 19. d5 $14 {[%emt 0:03:16] Strongly threatening Bxf6.} Bd7 20. Bxf6 gxf6 21. Nc3 Ne5 22. Qe2 ({Better is} 22. Ne2 $16) 22... Qh6 (22... Qxe2 $11 23. Nxe2 a4) 23. f3 (23. Ra1 $14) 23... exf3 $11 24. Bxf3 Rae8 25. Rd4 Kh8 26. Rh4 Qg5 27. b4 (27. Bh5 $11) 27... axb4 $15 28. axb4 Re7 29. Rf4 (29. Bh5 $15 {is more appropriate.}) 29... Rfe8 (29... Ng6 $1 $17 30. Qf2 (30. Rd4 Rfe8 $17) 30... Nxf4 31. exf4 Rxe1+ 32. Qxe1 Qg7) 30. Bh5 $1 $11 Ra8 31. Qd1 $2 (31. Ref1 $11 {and White is okay.}) 31... Ra3 $19 32. Nb1 {[%emt 0:02:53] [#]} Ra4 (32... Rd3 $1 $19 {[%cal Rd3d1] and Black stays clearly on top.} 33. Qe2 b5) 33. c5 $17 Ra1 34. Qe2 $2 (34. c6 $17 bxc6 35. Bf3) 34... Qg8 $2 ({Black should play} 34... Bb5 $1 $19 35. Qb2 Nd3 36. Qxa1 Nxf4 {[%mdl 64] Pin} 37. cxd6 cxd6) 35. Nc3 {[%emt 0:02:14] [#]} (35. Qd2 $11 {and White stays safe.}) 35... Rxe1+ $1 $19 36. Qxe1 Nd3 $1 37. Qa1 Nxf4 38. exf4 Kg7 39. Qa5 (39. Kf2 $17 {was necessary.}) 39... Be8 40. Bd1 Bf7 41. cxd6 $2 (41. Kf2) 41... cxd6 42. Qb6 Qc8 (42... Bxd5 $2 {too greedy.} 43. Qxd6 Qe6 44. Qxe6 Bxe6 45. Kf2 $19) 43. Qd4 Qe8 {[%emt 0:01:55] And now ...Qa8 would win.} 44. Kf2 Bh5 45. Ba4 $2 (45. Bxh5 Qxh5 46. Kg2) 45... Qc8 {[%emt 0:00:00] ...Bg4 would be deadly.} 46. Qd3 (46. Kg2 $142) 46... Qa8 47. Qd4 {[%emt 0:00:00] Against Qa7} (47. Kg2 {keeps fighting.}) 47... Bg4 {[%emt 0:00:00][%cal Ob7b5] White must now prevent ...b5!} 48. Qb6 Qc8 49. Qxd6 (49. Qd4 $142 Rc7 50. h3 Rxc3 51. hxg4 fxg4 52. Bd1) 49... Rc7 $2 (49... Kf7 $19 {has better winning chances.} 50. Qc5 Rc7 {[%mdl 64] Skewer}) 50. Ne2 $17 Bxe2 {[%emt 0:00:00] Weighted Error Value: White=0.61/Black=0.47} 1/2-1/2

[Event "DFMM-LV 2023"]
[Site "Braunfels"]
[Date "2023.06.11"]
[Round "5.7"]
[White "Roesler, Hannah Clara"]
[Black "Trunz, Elena"]
[Result "0-1"]
[Annotator "TA"]
[ECO "B22"]
[WhiteElo "1748"]
[BlackElo "2122"]
[PlyCount "96"]
[EventDate "2023.06.09"]
[EventType "team-tourn"]
[EventCountry "GER"]
[SourceTitle "playchess.com"]
[Source "ChessBase"]
[SourceQuality "1"]
[TimeControl "40/5400+30:1800+30"]

1. e4 c5 2. c3 d5 3. exd5 Qxd5 4. d4 Nf6 5. Nf3 e6 6. Be3 cxd4 7. cxd4 Nc6 8. Nc3 Qd6 9. Bd3 {[%emt 0:04:12] The modern move. B22: Sicilian: 2 c3.} Be7 10. O-O Nb4 11. Bb1 {[%emt 0:00:48] White has an edge.} O-O 12. a3 Nbd5 13. Qd3 {[%emt 0:00:43] [#]} Nxe3 $146 (13... Nf4 $5 14. Bxf4 Qxf4 $11) ({Predecessor:} 13... Nxc3 14. bxc3 b6 15. Bg5 g6 16. Ba2 Bb7 17. Ne5 Nd7 18. Bf4 Nxe5 19. Bxe5 Qd8 {0-1 David,P (2335)-Hawelko,M (2385) Warsaw op 1988}) 14. fxe3 g6 15. Ne5 Kg7 16. Ba2 Nd7 17. Ng4 (17. Nf3 $14) 17... f5 $11 18. Nf2 a6 (18... Nf6 $11) 19. Rad1 (19. e4 $14) 19... b5 20. d5 (20. e4 $11) 20... e5 (20... Nc5 $5 21. Qe2 e5 $11) 21. e4 (21. Nfe4 $1 $11 fxe4 22. Nxe4) 21... f4 $17 22. b4 (22. Kh1 $142) 22... Nf6 23. Qe2 Bd8 24. Rc1 (24. Kh1 $142) 24... Bb6 $19 25. Kh1 g5 26. Nd3 (26. Ncd1 $142) 26... Ng4 {[%emt 0:02:54][%cal Og4h2] And now ...Nxh2! would win.} 27. Nd1 $2 (27. h3 Qh6 28. Nd1) 27... Qh6 28. h3 {[%emt 0:00:53] [#]} Nf6 $1 {[%emt 0:03:54][%cal Oc8h3] aiming for ...Bxh3!} 29. Nxe5 $2 (29. N1f2 Nh5 30. Kh2) 29... g4 $2 (29... Bxh3 30. Qf2 Nxe4 31. Qxb6 Ng3+ {[%mdl 64] Zwischenzug, Double Attack} 32. Kg1 Qxb6+ 33. Rc5 Nxf1 34. gxh3 f3) 30. Rxc8 $2 ({Don't blunder} 30. Rc6 $2 gxh3 31. Rxb6 hxg2+ 32. Kxg2 Bh3+ 33. Kh1 (33. Kf2 $2 Qh4+ 34. Kg1 Rg8 $19) 33... Bxf1+ 34. Qh2 Qg5 $19) (30. Nf2 {nothing else works.} Nh5 31. Qb2 (31. Nfxg4 $2 Ng3+ 32. Kh2 Nxe2 $19) (31. Rc3 $2 f3 $19) 31... Ng3+ 32. Kh2 (32. Kg1 $2 Rf6 $19) 32... Nxf1+ 33. Rxf1) 30... Raxc8 31. Nxg4 Nxg4 32. Qxg4+ Kh8 {[%emt 0:00:07][%cal Of4f3] ...f3! would be deadly.} 33. e5 $2 (33. Qe6 Qxe6 34. dxe6) 33... Rc2 $2 (33... f3 34. d6 Rc2 35. Rxf3 Rxa2 36. Rxf8+ Qxf8) 34. Bb3 Rd2 (34... Rxg2 $19 35. Qxg2 Rg8) 35. d6 $11 Rd3 ({Black should play} 35... Qg7 $11 36. Qxg7+ (36. Rxf4 $2 {perishes.} Rxf4 37. Qxg7+ Kxg7 $19) 36... Kxg7) 36. Rf3 $14 Rd4 {[%emt 0:02:15] Black is weak on the light squares} ({Black should try} 36... Rd2 $14) 37. Qd7 $2 {[%emt 0:01:18][%mdl 8192] This costs White the game.} (37. Nc3 $16 {and life is bright.}) 37... Re4 $19 38. Rf1 {[%emt 0:05:22] Repels Re1} (38. Kh2 Rxe5 39. Nf2) 38... Rxe5 {[%emt 0:03:22][%cal Of4f3] ( -> ...f3!)} 39. Qc6 Bd4 (39... f3 40. Nf2 Bxf2) 40. Qxa6 $2 {[%emt 0:00:55] [#]} (40. Qf3 $19) 40... f3 $1 {[%emt 0:00:00][%mdl 512] Black mates.} 41. Qc6 (41. Bd5 Rxd5) 41... Re2 42. Rxf3 Re1+ 43. Kh2 Bg1+ 44. Kh1 Bc5+ {[%emt 0:00:45][%mdl 64] Discovered Attack} 45. Kh2 Bxd6+ 46. g3 {[%emt 0:02:20] [#]} Bxg3+ $1 {[%emt 0:04:51][%mdl 576] Discovered Attack, Decoy} 47. Kxg3 (47. Rxg3 Qxc6) 47... Qg5+ 48. Kf2 Qg1# {[%emt 0:00:05] A fantastic game!   Weighted Error Value: White=1.06/Black=0.84} 0-1

[Event "DFMM-LV 2023"]
[Site "Braunfels"]
[Date "2023.06.11"]
[Round "5.8"]
[White "Moeller, Lisa-Marie"]
[Black "Sokyrko, Sofiia"]
[Result "1-0"]
[Annotator "NA RC COMBH"]
[ECO "C25"]
[WhiteElo "1897"]
[BlackElo "1503"]
[PlyCount "69"]
[EventDate "2023.06.09"]
[EventType "team-tourn"]
[EventCountry "GER"]
[SourceTitle "playchess.com"]
[Source "ChessBase"]
[SourceQuality "1"]
[TimeControl "40/5400+30:1800+30"]

1. e4 e5 2. Nc3 Nc6 3. Bc4 Bc5 4. Qg4 Kf8 5. Qf3 Nf6 6. Nge2 d6 7. h3 Qe7 8. d3 Be6 9. Bxe6 Qxe6 10. Bg5 Nd4 11. Nxd4 exd4 12. Bxf6 dxc3 13. Bxc3 Re8 14. O-O Rg8 15. d4 Bb6 $18 16. e5 dxe5 17. Bb4+ c5 18. dxc5 Bc7 19. Qxb7 Qe7 20. c6 Bd6 21. Bxd6 Qxd6 22. Rfd1 Qb8 23. Qxb8 Rxb8 24. c7 Rc8 25. Rd7 Ke8 26. Rad1 Rf8 27. b4 h6 28. b5 g5 29. a4 f5 30. a5 g4 31. hxg4 fxg4 32. b6 axb6 33. axb6 g3 34. fxg3 e4 35. b7 1-0

[Event "DFMM-LV 2023"]
[Site "Braunfels"]
[Date "2023.06.11"]
[Round "5.9"]
[White "Koehler, Inken"]
[Black "Rogule, Laura"]
[Result "0-1"]
[Annotator "TA"]
[ECO "B22"]
[WhiteElo "2008"]
[BlackElo "2218"]
[PlyCount "112"]
[EventDate "2023.06.09"]
[EventType "team-tourn"]
[EventCountry "GER"]
[SourceTitle "playchess.com"]
[Source "ChessBase"]
[SourceQuality "1"]
[TimeControl "40/5400+30:1800+30"]

1. e4 c5 2. c3 Nf6 3. e5 Nd5 4. d4 cxd4 5. cxd4 d6 6. Nf3 Nc6 7. Bc4 Nb6 8. Bb3 dxe5 9. Nxe5 Nxe5 10. dxe5 Qxd1+ 11. Bxd1 Bd7 {[%emt 0:03:50] B22: Sicilian: 2 c3.} 12. O-O Rc8 13. Bf3 Bc6 {[%emt 0:04:30] The position is equal.} 14. Nd2 e6 15. b3 Bxf3 16. Nxf3 {[%emt 0:00:08] [#]} Bb4 $146 ({Predecessor:} 16... Nd5 17. Bb2 Be7 18. Rac1 Kd7 19. g3 Rhd8 20. Rfd1 Ke8 21. Kf1 g5 22. h3 h6 {0-1 Clissold,B (2135)-Bates,R (2260) Aberdeen op 1994 (3)}) 17. Bb2 Nd5 (17... Rc2 $5 18. a3 Be7 $11) 18. Rac1 Ke7 19. a3 Bc3 20. Bxc3 Nxc3 21. Rc2 {[%emt 0:00:35] Dodges Ne2+} a5 (21... Nb5 $17 22. Rxc8 Rxc8) 22. g3 b5 23. Kg2 Rhd8 24. Rfc1 b4 25. axb4 axb4 26. Ra1 Rd7 27. Nd2 Rcc7 28. Nc4 Ra7 29. Rxa7 Rxa7 $11 {[%emt 0:00:05][%mdl 4096] Endgame KRN-KRN} 30. Rd2 Nd5 31. Kf3 Ra1 32. Ne3 Rb1 33. Rd3 Rb2 34. Nxd5+ exd5 {[%emt 0:00:05] KR-KR} 35. Ke3 (35. Rxd5 $11 Rxb3+ 36. Ke4) 35... Ke6 $17 36. f4 g5 (36... Rxh2 $6 37. Rd4 $11) 37. Kd4 gxf4 38. gxf4 Rf2 $1 {[%emt 0:00:19] Black has more active pieces.} 39. Kc5 Rxf4 40. Rxd5 Rf3 {[%emt 0:00:41] Strongly threatening ...Rc3+.} 41. Rd2 (41. Rd8 $1 $15) 41... Rxb3 42. Kc4 (42. Rf2 $17) 42... Rb1 (42... Rh3 $19 43. Kxb4 Kxe5) 43. Rf2 Re1 ({Don't play} 43... Kxe5 $6 44. Rxf7 h5 45. Rh7 $11 (45. Rb7 Kf4 $17)) (43... Rc1+ $17 44. Kxb4 Rc7) 44. Kxb4 (44. Rf6+ $1 $15 Kxe5 45. Rxf7 Re4+ 46. Kb3) 44... Rxe5 ({But not} 44... Kxe5 $6 45. Rxf7 Re4+ 46. Kc5 $11) 45. Kc4 f5 46. Kd3 Re4 {[%emt 0:03:49] Wards off Rf4} 47. Re2 $2 (47. Rf3 $17) 47... Ke5 $2 (47... Rxe2 48. Kxe2 f4 49. Kf2 Kf5 50. Kf3 Ke5 51. h4 h5 52. Kf2 Ke4 53. Ke2 f3+ 54. Kf2 Kf4 55. Kf1 Kg3 56. Kg1 Kxh4 57. Kf2 Kg4 58. Kf1 Kg3 59. Ke1 h4 60. Kf1 f2 61. Ke2 h3 62. Kd3 f1=Q+ 63. Ke4 h2 64. Kd5 h1=Q+ 65. Kd4 Qc6 66. Ke3 Qf2+ 67. Kd3 Qcc2#) 48. Rxe4+ $2 (48. Rb2 $17) 48... fxe4+ {[%emt 0:00:10] KPP-KP} 49. Ke3 h5 50. Ke2 h4 $2 (50... Kf4 {mates} 51. Kf2 h4 52. h3 e3+ 53. Ke2 Ke4 54. Ke1 Kf3 55. Kf1 Kg3 56. Ke2 Kxh3 57. Kf3 Kh2 58. Kxe3 Kg3 59. Kd4 h3 60. Kc3 Kf4 61. Kc2 Ke3 62. Kc3 h2 63. Kc4 Ke4 64. Kc5 h1=Q 65. Kc4 Qh5 66. Kb3 Qc5 67. Ka2 Qb5 68. Ka3 Kd4 69. Ka2 Kc3 70. Ka3 Qb3#) 51. Ke3 $11 Kf5 52. Ke2 $2 (52. Kf2 $11 Kf4 53. h3 e3+ 54. Ke2 Ke4 55. Ke1 Kf3 56. Kf1 Kg3 57. Ke2 Kxh3 58. Kf3 Kh2 59. Kxe3 Kg3 60. Ke4 h3 61. Ke5 h2 62. Ke6 Kf3 63. Kf7 h1=Q 64. Ke7 Qd1 65. Ke6 Kf4 66. Kf7 Kf5 67. Ke7 Qd4 68. Kf8 Qa7 69. Ke8 Ke6 70. Kf8 Qf7#) 52... Kf4 {[%emt 0:00:22] Black mates.} 53. Kf2 {[%emt 0:00:14] [#]} e3+ $1 (53... h3 54. Ke2 $11) 54. Ke2 {[%emt 0:00:04] [#]} Ke4 $1 ({Stronger than} 54... h3 55. Ke1 $11) 55. h3 Kf4 56. Ke1 Kg3 {[%emt 0:00:30] Weighted Error Value: White=0.63/Black=0.36.  Loses game:     	White=3     	---        Missed win:     	---       	Black=1      Mistake:       	White=4     	Black=3      Inaccurate:     	White=1     	Black=1      OK:         	White=18    	Black=12     Best:        	White=1     	Black=7      Strong:       	---       	Black=1      Brilliant:      	---       	---} 0-1

[Event "DFMM-LV 2023"]
[Site "Braunfels"]
[Date "2023.06.11"]
[Round "5.10"]
[White "Otikova, Elina"]
[Black "Kopylov, Luba"]
[Result "1-0"]
[Annotator "TA"]
[ECO "B73"]
[WhiteElo "2047"]
[BlackElo "1993"]
[PlyCount "173"]
[EventDate "2023.06.09"]
[EventType "team-tourn"]
[EventCountry "GER"]
[SourceTitle "playchess.com"]
[Source "ChessBase"]
[SourceQuality "1"]
[TimeControl "40/5400+30:1800+30"]

1. e4 c5 2. Nf3 d6 3. d4 cxd4 4. Nxd4 Nf6 5. Nc3 g6 6. Be2 Bg7 7. O-O O-O 8. Be3 Nc6 9. Qd2 Bd7 10. f3 {[%emt 0:00:14] 10.Rfd1 is the modern continuation.} Qc8 {[%emt 0:07:09] B73: Sicilian Dragon: Classical System without 9 Nb3.} 11. Rfd1 Ne5 {[%emt 0:02:43] [#]} 12. Bg5 $146 ({Predecessor:} 12. a4 Rd8 13. Ndb5 b6 14. Na3 Bc6 15. Bd4 Bb7 16. Bxe5 dxe5 17. Qxd8+ Qxd8 18. Rxd8+ Rxd8 {1-0 Dzhumaev,M (2565)-Dauletova,G (2235) Central Asia Cup 3rd 2013 (2)}) 12... Re8 {[%emt 0:06:27] White is slightly better.} 13. Nb3 Be6 14. Bb5 Rf8 15. Nd5 Bxd5 16. exd5 Qc7 17. Qf2 Rfc8 18. c3 $1 h5 19. Bf1 a6 20. h3 b5 21. Rac1 Nc4 22. Bxc4 bxc4 23. Bxf6 Bxf6 24. Nd2 Rab8 (24... Rcb8 $5 25. Nf1 Rb5 $11) 25. Ne4 Bg7 26. Rc2 Rb7 27. Qe3 (27. f4 $11) 27... Qb6 (27... Rcb8 $17 28. Rdd2 Qa5) 28. Qxb6 $11 Rxb6 29. f4 Rcb8 30. Rdd2 Bh6 31. Ng5 Bxg5 32. fxg5 {[%emt 0:00:05][%mdl 4096] Endgame KRR-KRR} e6 33. Rd4 Rxb2 (33... exd5 $5 34. Rdd2 Kf8 $15) 34. Rxb2 Rxb2 35. dxe6 fxe6 {[%emt 0:00:41] ...d5 is the strong threat.} 36. Rxd6 Rxa2 37. Rxe6 $15 {[%emt 0:00:09] KR-KR} a5 $2 {[%emt 0:01:40][%mdl 8192] This costs Black the game.} (37... Kg7 $11 {and Black stays safe.}) 38. Rxg6+ $18 Kf7 39. Rc6 a4 40. Rxc4 Kg6 $2 {[%emt 0:01:09] [#]} (40... a3 41. Ra4 h4) 41. h4 $1 {[%emt 0:31:17] Hoping for Kh2.} Kf5 42. Kh2 Ra1 43. Kg3 {[%emt 0:00:00] Strongly threatening Rf4+.} a3 44. Ra4 (44. Rf4+ $142 Kg6 45. Rf6+ Kh7 46. Ra6) 44... a2 45. c4 Rc1 46. Ra5+ (46. Rxa2 $142 Rc3+ 47. Kh2) 46... Kg6 47. Rxa2 Rc3+ 48. Kh2 Rxc4 49. Kh3 Rc3+ 50. g3 Rc6 51. Ra3 Rb6 52. Kg2 Kf5 53. Rf3+ Kg6 54. Kh3 Rc6 55. g4 Rd6 {[%emt 0:00:00] [#]} 56. Kg3 $1 Ra6 57. Rf4 $2 (57. Re3 $18 hxg4 58. Re8 (58. Kxg4 Ra4+ 59. Kh3 Kh5 $11)) 57... Ra3+ $16 58. Kg2 {[%emt 0:02:29] White wants to mate with Rf6+.} Ra6 {[%emt 0:00:00] Prevents Rf6+} 59. Kf3 Ra3+ 60. Ke4 Ra4+ (60... hxg4 $16 {keeps fighting.} 61. Rxg4 Ra4+ 62. Kf3 Ra3+ 63. Kg2 Ra2+ 64. Kf3 Ra3+ 65. Kf4 Ra4+ 66. Kg3 Ra3+ 67. Kg2 Kh5) 61. Ke5 $18 Ra5+ 62. Kd6 Ra6+ 63. Kc5 Re6 $2 (63... hxg4 $18 64. Rxg4 Ra5+ 65. Kb6 Rd5) 64. Kd5 {[%emt 0:00:27] White mates.} Re1 65. Rf6+ {[%emt 0:00:37][%mdl 64] Deflection} Kg7 66. gxh5 Rd1+ 67. Ke5 Re1+ 68. Kd6 Rd1+ 69. Ke7 Re1+ 70. Re6 Rf1 71. h6+ Kh7 72. Rf6 Re1+ 73. Kf7 Kh8 74. g6 Rg1 75. h5 Rg2 76. g7+ Kh7 77. Rg6 Rf2+ 78. Ke6 Re2+ 79. Kf5 Re8 80. Rf6 Ra8 81. Rf8 Ra5+ 82. Ke4 Ra4+ 83. Kd3 Kxh6 84. g8=Q Rg4 85. Qh8+ Kg5 86. Rg8+ Kf5 87. Rxg4 {[%emt 0:00:11] Weighted Error Value: White=0.14 (very precise) /Black=0.40} 1-0

[Event "DFMM-LV 2023"]
[Site "Braunfels"]
[Date "2023.06.11"]
[Round "5.11"]
[White "Braeutigam, Katerina"]
[Black "Ter-Avetisjana, Agnesa Stepania"]
[Result "0-1"]
[Annotator "TA"]
[ECO "B13"]
[WhiteElo "1957"]
[BlackElo "1988"]
[PlyCount "88"]
[EventDate "2023.06.09"]
[EventType "team-tourn"]
[EventCountry "GER"]
[SourceTitle "playchess.com"]
[Source "ChessBase"]
[SourceQuality "1"]
[TimeControl "40/5400+30:1800+30"]

1. e4 c6 2. d4 d5 3. exd5 cxd5 4. Bd3 Nc6 5. c3 Qc7 6. Na3 {[%emt 0:00:10] B13: Caro-Kann: Exchange Variation and Panov-Botvinnik Attack.} a6 {[%emt 0:00:07] Prevents Nb5.} 7. Nc2 g6 8. Ne3 {[%emt 0:00:15] White is slightly better.} Nf6 9. h3 Bg7 10. Nf3 O-O 11. O-O b5 {[%emt 0:00:00] [#]} 12. Qb3 $146 ({Predecessor:} 12. b3 Rd8 13. Bb2 Nh5 14. Re1 e5 15. dxe5 Nxe5 16. Nxe5 Bxe5 17. Rc1 Nf4 18. Bf1 {½-½ Komendecki,J (2116)-Kaminski,P (2097) POL-chT 2nd League 2018 (3.74)}) 12... Rd8 13. a4 Na5 14. Qc2 (14. Qd1 $5 ) 14... Bd7 15. Ne5 Be8 16. axb5 axb5 17. f4 e6 18. g4 Nc4 (18... Nc6 $5 19. Rxa8 Rxa8 $11) 19. Rxa8 Rxa8 20. Qg2 Ra2 21. Bxc4 bxc4 22. f5 Ne4 {[%emt 0:00:00] [#] Hoping for ...Nxc3.} 23. fxe6 fxe6 {[%emt 0:00:00] Threatens to win with ...Nxc3.} (23... Bxe5 $2 24. Nxd5 Qd6 25. Qxe4 $18) 24. Qf3 Ng5 {[%emt 0:00:00] Active counter play!} 25. Qg3 {[%emt 0:00:30] [#]} (25. Qg2 $11 {keeps the balance.}) 25... Nf7 (25... h6 $1 $17 26. h4 Nf7) 26. Ng2 {[%emt 0:08:03] White is now going downhill.} (26. g5 $1 $11 {was the only way to keep the balance.}) 26... Nxe5 $17 27. dxe5 {[%emt 0:02:00] White is weak on the light squares} (27. Bf4 $17 {might work better.}) 27... Bxe5 $19 (27... Qxe5 28. Bf4 Qf6 29. Bh6 $17) 28. Qf3 Bf7 29. Nf4 (29. h4 $142) 29... Ra8 30. Ne2 (30. h4 $142) 30... Bg7 31. Nf4 Rd8 ({And not} 31... g5 32. Nh5 Bxh5 33. gxh5 $17) 32. Rd1 Qb7 ({But not} 32... Be5 $2 33. Qf2 $19) ({Not} 32... g5 33. Nh5 Bxh5 34. gxh5 $17) 33. Ng2 e5 34. Qe2 d4 35. cxd4 $2 (35. Rf1) 35... exd4 36. Kh1 d3 37. Qf2 Bd5 38. Kh2 Rf8 39. Qd2 Be5+ (39... Qc7+ $142 40. Nf4 Rxf4 41. Qxf4 Be5 42. Rf1 g5 {[%mdl 64] Pin} 43. h4 gxf4 44. Kh3 h5 45. Bxf4 Bxf4 46. Rg1 Qb6 47. Re1 Qxb2 48. Re8+ Kf7 49. Rf8+ Kxf8 50. gxh5 Qg2#) 40. Kh1 Rf3 {[%emt 0:00:00] Black mates.} 41. Qh6 Rg3 42. Bf4 Bxg2+ {[%emt 0:00:00] A strong pair of Bishops.} 43. Kg1 Bxh3+ 44. Kf2 Qf3+ {[%emt 0:00:00] Weighted Error Value: White=0.71/Black=0.32} 0-1

[Event "DFMM-LV 2023"]
[Site "Braunfels"]
[Date "2023.06.11"]
[Round "5.13"]
[White "Gressmann, Hanna"]
[Black "Safonova, Valeria"]
[Result "1/2-1/2"]
[Annotator "TA"]
[ECO "B24"]
[WhiteElo "1933"]
[BlackElo "1753"]
[PlyCount "86"]
[EventDate "2023.06.09"]
[EventType "team-tourn"]
[EventCountry "GER"]
[SourceTitle "playchess.com"]
[Source "ChessBase"]
[SourceQuality "1"]
[TimeControl "40/5400+30:1800+30"]

1. e4 c5 2. Nc3 a6 3. g3 Nc6 4. Bg2 d6 5. f4 e6 6. Nf3 b5 7. d3 Bb7 8. O-O Be7 9. Be3 Nf6 10. h3 O-O {[%emt 0:00:26] [#]} 11. Bf2 $146 {[%emt 0:07:11] B24: Closed Sicilian: 3 g3 sidelines.} ({Predecessor:} 11. g4 d5 12. e5 d4 13. exf6 Bxf6 14. Bd2 dxc3 15. bxc3 b4 16. cxb4 Bxa1 17. Qxa1 Nxb4 18. Qb2 Rb8 19. Bc3 Nxd3 20. Bxg7 Nxb2 {0-1 Rom,J (2202)-Lauridsen,J (2221) Titled Tuesday intern op 19th Jul Early blitz 2022 (2)}) 11... Re8 12. e5 dxe5 13. fxe5 {[%emt 0:02:19] Black is slightly better.} Nd7 14. Qe2 Qc7 15. Rae1 b4 16. Nb1 Nb6 17. Nbd2 Nd5 18. Nc4 Na5 19. Ne3 (19. Nfd2 $11) 19... Nxe3 $15 20. Bxe3 h6 (20... Bd5 $15) 21. Qf2 (21. Bxh6 $1 $14 gxh6 22. Nd2) 21... Rf8 $11 22. c3 (22. b3 $11) 22... Rac8 23. cxb4 cxb4 24. Rc1 Qd7 25. Rxc8 Rxc8 26. Nd2 Bf8 {[%emt 0:00:30] aiming for ...Rc2.} (26... Qxd3 {keeps more tension.} 27. Bxb7 Nxb7 28. Qxf7+ Kh7) 27. Bxb7 Qxb7 28. Ne4 ({Better is} 28. Qf4 $15) 28... Qd7 (28... Rd8 $1 $17 29. Qe2 Nc6 30. Bxh6 Nxe5) 29. Bc5 (29. Qe2 $11) 29... Bxc5 30. Nxc5 Qa7 31. d4 Nc6 {[%emt 0:00:47][%cal Oc6d4] White must now prevent ...Nxd4!} 32. Rc1 Ne7 33. Nd3 (33. g4 $11 {remains equal.}) 33... Rxc1+ $17 34. Nxc1 {[%emt 0:00:04][%mdl 4096] Endgame KQN-KQN} Nc6 (34... Qd7 $17 35. Kh2 a5) 35. Nb3 Qb6 36. Qe3 Qb5 37. Qc1 (37. Qf3 $15) 37... Qd5 $19 38. Qc5 $2 (38. Kh2 {was worth a try.}) 38... Qf3 39. Kh2 {[%emt 0:02:26] [#]} Qf2+ (39... a5 $1 $19 {[%cal Ra5a4] has better winning chances. And now ...a4 would win.} 40. Qc2 a4) 40. Kh1 $17 Qf1+ 41. Kh2 Qf2+ 42. Kh1 {[%emt 0:00:13] [#]} Qf3+ (42... Qe1+ $1 $17 43. Kg2 Qe2+ 44. Kg1 Qf3) 43. Kh2 $19 Qf2+ $2 {[%emt 0:00:00] Weighted Error Value: White=0.40/Black=0.33} ({Black should try} 43... a5 $19 44. Qc2 a4) 1/2-1/2